 Dungeon Crawl Stone Soup version 0.29.0-11-gd7f09526c8 (webtiles) character file.

Game seed: 15777385692388234643

3586 Zeldest the Tainter (level 10, 0/75 HPs)
             Began as a Naga Venom Mage on Sept 6, 2022.
             Was an Initiate of Cheibriados.
             Killed by nerve-wracking pain
             ... invoked by an orc priest
              (14 damage)
             ... on level 8 of the Dungeon.
             The game lasted 00:23:51 (3059 turns).

Zeldest the Tainter (Naga Venom Mage)               Turns: 3059, Time: 00:23:51

Health: 0/75       AC:  7    Str: 16 (17) XL:     10   Next: 10%
Magic:  14/20      EV: 12    Int: 20      God:    Cheibriados [......]
Gold:   383        SH:  0    Dex: 13 (14) Spells: 13/23 levels left

rFire   . . .      SeeInvis +   f - +5 mace of the Lost Ghosts {elec, rC+ rCorr}
rCold   + . .      Faith    .   (no shield)
rNeg    . . .      Spirit   .   a - +0 robe
rPois   +          Reflect  .   k - +2 hat
rElec   .          Harm     .   u - +0 cloak
rCorr   +          Rampage  .   (no gloves)
Will    +....                   (no barding)
Stlth   ++........              (no amulet)
HPRegen 0.22/turn               m - +6 ring of strength
MPRegen 0.17/turn               (no ring)

@: studying Dodging, very slow
A: AC +3, large, see invisible, deformed body, poison resistance, slowness 2,
spit poison 1, naga tail 1
a: Spit Poison, Renounce Religion


You were on level 8 of the Dungeon.
You worshipped Cheibriados.
Cheibriados was noncommittal.
You visited 2 branches of the dungeon, and saw 9 of its levels.

You collected 383 gold pieces.

Inventory:

Hand Weapons
 f - the +5 mace of the Lost Ghosts (weapon) {elec, rC+ rCorr}
   (You found it on level 2 of the Dungeon)

   It occasionally discharges a powerful burst of electricity upon striking a
   foe.
   rC:        It protects you from cold.
   rCorr:     It protects you from acid and corrosion.
Armour
 a - a +0 robe (worn)
 k - a +2 hat (worn)
 u - a +0 cloak (worn)
Jewellery
 m - a +6 ring of strength (left hand)
Scrolls
 e - 5 scrolls of poison
 h - a scroll of brand weapon {unknown}
 i - a scroll of noise {unknown}
 l - a scroll of enchant armour {unknown}
 n - a scroll of butterflies
 p - 2 scrolls of teleportation
 s - a scroll of amnesia {unknown}
 t - a scroll of vulnerability {unknown}
 x - a scroll of magic mapping {unknown}
Potions
 b - a potion of magic
 c - 3 potions of curing
 g - a potion of degeneration
 j - a potion of lignification
 o - 2 potions of mutation
 q - 2 potions of invisibility
 r - 2 potions of attraction
 v - a potion of brilliance
 w - a potion of ambrosia


   Skills:
 + Level 6.8 Dodging
 - Level 3.0 Stealth
 + Level 7.2 Spellcasting
 - Level 1.0 Transmutations
 - Level 6.4 Air Magic
 + Level 10.6 Poison Magic
 + Level 3.2 Invocations


You had 13 spell levels left.
You knew the following spells:

 Your Spells              Type           Power      Damage    Failure   Level
a - Sting                 Tmut/Pois      100%       1d8       1%          1
b - Poisonous Vapours     Pois/Air       82%        N/A       1%          2
c - Olgreb's Toxic Radia  Pois           49%        N/A       1%          4
d - Mephitic Cloud        Conj/Pois/Air  30%        N/A       2%          3

Your spell library contained the following spells:

 Spells                   Type           Power      Damage    Failure   Level
 Spider Form              Tmut/Pois      30%        N/A       2%          3
 Beastly Appendage        Tmut           22%        N/A       6%          1
 Corpse Rot               Necr/Pois/Air  30%        N/A       9%          4
 Wereblood                Tmut           11%        N/A       10%         2


Dungeon Overview and Level Annotations

Branches:
Dungeon (8/15) Zot: 40271  Temple (1/1) D:6 Zot: 8973
   Lair: D:8-11

Altars:
Ashenzari
Cheibriados
Dithmenos
Elyvilon
Fedhas
Gozag
Hepliaklqana
Makhleb
Nemelex Xobeh
Okawaru
Qazlal
Ru
Sif Muna
Trog
Uskayaw
Wu Jian
Xom
Yredelemnul
Zin
The Shining One

Annotations:
D:5 exclusion: 2 doors
D:8 RascalDebosk's ghost, novice MiBe


Innate Abilities, Weirdness & Mutations

Your serpentine skin is tough. (AC +3)
You have supernaturally acute eyesight. (SInv)
Armour fits poorly on your strangely shaped body.
Your system is resistant to poisons. (rPois)
You cover ground very slowly.
You can spit poison.
You have a snake-like lower body.


Message History

The yak is severely wounded.
The yak gores you but does no damage.
You thump the yak!
The yak is almost dead.
The yak gores you but does no damage. The yak gores you.
* * * LOW HITPOINT WARNING * * *
You hit the yak. Lightning courses through the yak!!
You kill the yak!
Cheibriados appreciates the change of pace.
You feel your strength returning.
Your Invocations skill increases to level 3!
Casting: Mephitic Cloud (mildly dangerous; 2% risk of failure)
Confirm with . or Enter, or press ? or * to list all spells.
Aiming: Poisonous Vapours (safe; 1% risk of failure)
Press: ? - help, Dir - move target, f/p - yak
Aim: a yak (severely wounded, confused, very poisoned) Poisonous vapours surround the yak!
The yak looks as sick as possible!
Cheibriados thoroughly appreciates the change of pace.
You feel a bit more experienced.
You feel your strength returning.
You see here a yak corpse.
Okay, then.
Casting: Poisonous Vapours (safe; 1% risk of failure)
Confirm with . or Enter, or press ? or * to list all spells.
Okay, then.
Unknown command.
Casting: Poisonous Vapours (safe; 1% risk of failure)
Confirm with . or Enter, or press ? or * to list all spells.
Aiming: Poisonous Vapours (safe; 1% risk of failure)
Press: ? - help, Dir - move target, f - orc priest
Aim: an orc priest, wielding a +0 falchion (wandering, hasn't noticed you) Poisonous vapours surround the orc priest!
The orc priest is poisoned.
The orc priest shouts!
The orc priest mumbles some strange prayers to Beogh against you.
Beogh smites you!
* * * LOW HITPOINT WARNING * * *
The orc priest mumbles some strange prayers to Beogh against you.
Pain shoots through your body!
You die...

##................#..)
#..........##.....####
#..........##.....# #
#........o.##.....# #
##.......#.##.....# #
##........######## #
##>..####### # #.#..
..# #@#.#####.# ####
#.#.......# ###...
#......##.# #.....
###.##.##.# #.#.##
#.##.##.###.#.##
#.............##
#.......###.####
######### #.....
######


You could see an orc priest (very poisoned).

Vanquished Creatures
  A cyclops (D:7)
  A hornet (D:7)
  5 yaks (D:8)
  A steam dragon (D:7)
  3 orc warriors
  A black bear (D:8)
  2 ogres
  2 centaurs (D:4)
  4 phantoms
  A kobold brigand (D:7)
  A bullfrog (D:8)
  3 scorpions
  4 wights
  A howler monkey (D:6)
  A gnoll bouda (D:5)
  2 hounds (D:5)
  5 orc priests
  3 jellies
  An iguana (D:5)
  Natasha (D:3)
  Terence (D:3)
  An orc wizard (D:4)
  3 gnolls (D:5)
  6 adders
  3 white imps
  5 worms
  2 dart slugs
  19 orcs
  5 endoplasms
  3 giant cockroaches
  5 goblins
  4 hobgoblins
  4 jackals
  3 quokkas
  13 ball pythons
  5 bats
  4 frilled lizards
  12 kobolds
  7 rats
148 creatures vanquished.

Notes
Turn   | Place    | Note
-------+----------+-------------------------------------------
     0 | D:1      | Zeldest the Naga Venom Mage began the quest for the Orb.
     0 | D:1      | Reached XP level 1. HP: 15/15 MP: 3/3
    80 | D:2      | Reached XP level 2. HP: 7/22 MP: 5/5
   100 | D:2      | Learned a level 2 spell: Poisonous Vapours
   165 | D:2      | Identified the +5 mace of the Lost Ghosts {elec, rC+ rCorr}
   214 | D:2      | Reached XP level 3. HP: 20/28 MP: 2/6
   265 | D:1      | Reached skill level 1 in Air Magic
   365 | D:1      | Reached skill level 5 in Poison Magic
   470 | D:1      | Reached XP level 4. HP: 36/36 MP: 8/8
   515 | D:1      | Learned a level 4 spell: Olgreb's Toxic Radiance
   743 | D:3      | Noticed Natasha
   756 | D:3      | Killed Natasha
   848 | D:3      | Reached XP level 5. HP: 40/42 MP: 4/9
   878 | D:3      | Noticed Terence
   883 | D:3      | Killed Terence
   993 | D:3      | Found a faded altar of an unknown god.
  1171 | D:3      | You fall into a shaft and drop 3 floors!
  1199 | D:5      | Entered Level 5 of the Dungeon
  1206 | D:5      | Reached skill level 6 in Poison Magic
  1206 | D:5      | Noticed a phantom
  1226 | D:5      | Killed a phantom
  1227 | D:5      | Reached XP level 6. HP: 13/49 MP: 11/11
  1231 | D:5      | Learned a level 3 spell: Mephitic Cloud
  1367 | D:4      | Found an iron altar of Okawaru.
  1421 | D:4      | Found a shimmering altar of Xom.
  1424 | D:4      | Found a sparkling altar of Nemelex Xobeh.
  1523 | D:4      | Reached XP level 7. HP: 18/55 MP: 1/13
  1524 | D:4      | Reached skill level 7 in Poison Magic
  1679 | D:4      | Found a hide-covered altar of Uskayaw.
  1682 | D:4      | Found a stormy altar of Qazlal.
  1852 | D:5      | Reached skill level 5 in Spellcasting
  1852 | D:5      | Reached XP level 8. HP: 54/62 MP: 8/15
  1881 | D:5      | Noticed a shadow
  1956 | D:5      | Reached skill level 8 in Poison Magic
  2015 | D:5      | Reached skill level 5 in Air Magic
  2150 | D:6      | Found a staircase to the Ecumenical Temple.
  2381 | D:7      | Noticed a cyclops
  2393 | D:7      | Killed a cyclops
  2394 | D:7      | Reached skill level 9 in Poison Magic
  2394 | D:7      | Reached XP level 9. HP: 47/68 MP: 1/17
  2504 | D:7      | Noticed a hornet
  2510 | D:7      | Killed a hornet
  2548 | D:7      | Reached skill level 5 in Dodging
  2879 | Temple   | Entered the Ecumenical Temple
  2886 | Temple   | Became a worshipper of Cheibriados the Contemplative
  2966 | D:8      | Found a runed translucent gate.
  2967 | D:8      | Found a runed translucent gate.
  2968 | D:8      | Found a runed translucent gate.
  2969 | D:8      | Noticed RascalDebosk's ghost (novice MiBe)
  2987 | D:8      | Reached skill level 10 in Poison Magic
  2987 | D:8      | Reached skill level 1 in Invocations
  3020 | D:8      | Reached XP level 10. HP: 26/75 MP: 6/20
  3059 | D:8      | Killed from afar by an orc priest

Illustrated notes

Levels and vault maps discovered:
D:1:      lemuel_arrival_broad_hall, layout_rooms
D:2:      layout_rooms
D:3:      minmay_recursive_quarters, layout_loops_ring,
          hellmonk_ecumenical_altar_run_dry, amcnicky_mini_rare_corridor_liquid,
          uniq_natasha, uniq_terence
D:4:      layout_cave_pods, nicolae_overflow_hidden_temple,
          mainiacjoe_overflow_24_doors, nicolae_overflow_squiral,
          minmay_manual_mares, uniq_ijyb
D:5:      layout_rooms, dk_vineyard_3, minmay_quadrilaterals
D:6:      layout_layer_cave, minmay_temple_entry_from_below_a, serial_shops,
          kennysheep_mini_moat, eino_tiny_chamber
D:7:      layout_loops_ring, minivault_19, lemuel_old_faithful
D:8:      hellmonk_ruined_rings, layout_loops_cross, biasface_ghost_orc_armoury
Temple:   nicolae_temple_no_exploring_needed

Skill      XL: |  1  2  3  4  5  6  7  8  9 10 |
---------------+-------------------------------+-----
Air Magic      | 1 2 3 4 5 6 |  6.4
Poison Magic   | 5 6 7 9 10 | 10.6
Spellcasting   | 3 4 5 7 |  7.2
Dodging        | 4 6 |  6.8
Invocations    | 2 3 |  3.2
Stealth        | |  3.0
Transmutations | |  1.0

Action                   |  1- 3 |  4- 6 |  7- 9 | 10-12 || total
-------------------------+-------+-------+-------+-------++-------
Melee: Mace              |    28 |    66 |   109 |     4 ||   207
       Punch             |       |     2 |     2 |       ||     4
 Cast: Sting             |    15 |     1 |     3 |       ||    19
       Poisonous Vapours |     5 |    14 |    22 |     2 ||    43
       Olgreb's Toxic Ra |       |     7 |    18 |       ||    25
       Mephitic Cloud    |       |     2 |     8 |       ||    10
 Abil: Spit Poison       |    13 |    12 |     4 |       ||    29
  Use: Scroll            |       |     2 |     8 |       ||    10
       Potion            |       |       |     4 |       ||     4
 Stab: Sleeping          |       |     3 |     1 |       ||     4
       Confused          |       |       |     1 |       ||     1
Armor: Robe              |     7 |    31 |    39 |     2 ||    79
       Skin              |       |       |    14 |       ||    14
Dodge: Dodged            |    26 |    51 |    47 |       ||   124
